Wild vs Penguins

Created - Saturday, October 17, 2015 at 02:10

Goals
1 2 3 OT1 SO T
Wild 0 0 1 0 1 1
Penguins 1 0 0 0 2 2
Shots
1 2 3 OT1 SO T
Wild 6 9 6 1 7 22
Penguins 15 5 16 2 7 38

1st period

1. Penguins , FARMPLAYER2 3 (Ryan Spooner, Jeff Schultz) at 0:29

Penalties :
Carson McMillan (WBS) for High sticking (Minor) at 1:24, Drew Bagnall (WBS) for Fighting (Major) at 16:34, Nick Tuzzolino (IOW) for Fighting (Major) at 16:34

2nd period

No Goal

Penalties :
David Wolf (IOW) for Tripping (Minor) at 0:37, Cam Janssen (IOW) for Holding (Minor) at 6:33, Jeff Schultz (WBS) for Fighting (Major) at 14:18, Steve Eminger (IOW) for Fighting (Major) at 14:18

3rd period

2. Wild , Nick Tuzzolino 1 (Mark Van Guilder, David Wolf) at 1:13 (PP)

Penalties :
Justin Vaive (WBS) for Fighting (Major) at 0:17, Steve Eminger (IOW) for Fighting (Major) at 0:17, Garrett Meurs (WBS) for Roughing (Minor) at 0:50, David Wolf (IOW) for Hooking (Minor) at 4:11, Matt Mangene (WBS) for Fighting (Major) at 7:32, Francis Wathier (IOW) for Fighting (Major) at 7:32, Jeff Schultz (WBS) for Hooking (Minor) at 8:50, Carson McMillan (WBS) for Fighting (Major) at 16:35, Steve Eminger (IOW) for Fighting (Major / Game Misconduct) at 16:35, Steve Eminger (IOW) for instigated a fight (Minor) at 16:35, Steve Eminger (IOW) for instigated a fight (10 Minutes Misconduct) at 16:35

Overtime #1

No Goal

Penalties :
No Penalty

Shootout

Penalty Shot by Colin Stuart for Wild - Shot Misses the Net
Penalty Shot by Garrett Meurs for Penguins - Stopped by Jordan Binnington
Penalty Shot by Dana Tyrell for Wild - Stopped by Martin Brodeur
Penalty Shot by Ryan Spooner for Penguins - Stopped by Jordan Binnington
Penalty Shot by Mark Van Guilder for Wild - Stopped by Martin Brodeur
Penalty Shot by Justin Vaive for Penguins - Stopped by Jordan Binnington
Penalty Shot by Micheal Haley for Wild - Shot Misses the Net
Penalty Shot by Philippe Cornet for Penguins - Stopped by Jordan Binnington
Penalty Shot by David Wolf for Wild - Stopped by Martin Brodeur
Penalty Shot by Matt Mangene for Penguins - Stopped by Jordan Binnington
Penalty Shot by Devin Shore for Wild - Goal!
Penalty Shot by Dustin Gazley for Penguins - Goal!
Penalty Shot by Dan Catenacci for Wild - Shot Misses the Net
Penalty Shot by Jason Gregoire for Penguins - Goal!

Penalties :
No Penalty

Goalie Stats

Jordan Binnington (IOW), 37 saves from 38 shots - (0.974), OTL, 2-3-1, 65:00 minutes
Martin Brodeur (WBS), 21 saves from 22 shots - (0.955), W, 3-1-1, 65:00 minutes

Players Stats for Wild

Player Name              G  A  P  +/- PIM S  H  SB GA TA FO     MP     PP MP  PK MP  
------------------------------------------------------------------------------------
Alex Friesen             0  0  0   0  0   2  0  1  2  0  6/8    12:36   0:00   2:28 
Anthony Camara           0  0  0   0  0   0  0  0  0  1  0/0     9:01   0:00   0:00 
Cam Janssen              0  0  0   0  2   0  4  0  0  2  0/0    16:18   1:59   0:03 
Colin Stuart             0  0  0  -1  0   2  1  1  0  1  1/6    24:11   2:22   4:06 
Dan Catenacci            0  0  0   0  0   2  2  0  1  2  4/8    16:20   0:00   0:39 
Dana Tyrell              0  0  0  -1  0   0  1  0  1  2  4/12   20:11   2:22   5:05 
Danny Hobbs              0  0  0   0  0   0  0  1  3  0  0/0    13:58   0:00   0:00 
David Wolf               0  1  1   0  4   3  1  0  4  1  0/1    16:02   1:59   0:00 
Devin Shore              0  0  0   0  0   1  0  1  0  1  1/2     6:23   0:00   0:00 
Francis Wathier          0  0  0   0  5   0  0  0  0  0  0/1    12:53   0:00   0:00 
Jerome Leduc             0  0  0   0  0   2  0  1  0  0  0/0    17:57   0:00   1:42 
Julius Honka             0  0  0   0  0   0  1  6  4  1  0/0    22:20   1:49   1:26 
Mark Van Guilder         0  1  1   0  0   2  2  2  3  0  3/11   18:58   1:59   1:47 
Micheal Haley            0  0  0  -1  0   1  3  0  3  1  1/1    15:43   2:22   1:47 
Mike Moore               0  0  0   0  0   3  1  4  0  2  0/0    22:20   1:49   1:26 
Nick Tuzzolino           1  0  1   0  5   2  2  0  0  1  0/0    18:26   0:23   0:02 
Shane O'Brien            0  0  0  -1  0   2  4  2  1  4  0/0    30:46   2:32   6:30 
Steve Eminger            0  0  0  -1  37  0  2  4  0  2  0/0    18:09   2:09   4:48 

Players Stats for Penguins

Player Name              G  A  P  +/- PIM S  H  SB GA TA FO     MP     PP MP  PK MP  
------------------------------------------------------------------------------------
Adam Clendening          0  0  0   0  0   6  1  1  3  0  0/0    17:43   3:46   1:06 
Carson McMillan          0  0  0   0  7   0  1  0  0  1  0/0    13:48   0:00   0:00 
Charles Sarault          0  0  0   0  0   2  0  0  1  0  4/5    13:28   0:00   0:00 
Chris Butler             0  0  0   1  0   8  1  3  0  1  0/0    28:27   4:10   3:51 
Danny Biega              0  0  0   0  0   4  2  0  2  4  0/0    19:21   0:00   0:00 
Drew Bagnall             0  0  0   0  5   0  1  0  0  1  0/0    17:48   0:00   0:00 
Dustin Gazley            0  0  0   0  0   2  3  0  4  0  0/0    14:22   0:00   0:54 
FARMPLAYER2              1  0  1   1  0   5  3  0  4  0  2/2    20:16   4:49   0:00 
Garrett Meurs            0  0  0   0  2   0  0  0  0  0  1/1    14:51   0:00   0:00 
Jason Gregoire           0  0  0   0  0   2  0  0  1  1  3/8    10:05   0:00   0:00 
Jeff Schultz             0  1  1   1  7   0  0  0  0  1  0/0    15:20   3:46   0:00 
Justin Vaive             0  0  0   1  5   0  1  0  1  0  1/3    15:39   3:07   0:24 
Matt Mangene             0  0  0   0  5   1  1  0  3  1  0/0    14:50   3:35   0:00 
Philippe Cornet          0  0  0   0  0   0  0  1  1  2  5/10   22:17   4:21   3:03 
Ryan Olsen               0  0  0   0  0   0  0  1  0  0  0/0    11:32   0:00   1:30 
Ryan Spooner             0  1  1   1  0   1  1  0  8  1  14/21  21:46   4:21   2:51 
Trevor Parkes            0  0  0   0  0   2  3  0  0  1  0/0    15:37   3:35   0:00 
Xavier Ouellet           0  0  0   0  0   5  0  0  0  0  0/0    29:06   4:10   3:45 

3 Stars

1 - Jordan Binnington (IOW)
2 - Martin Brodeur (WBS)
3 - FARMPLAYER2 (WBS)

Power Play

Wild - 1 on 3 Attempt(s) - 33.33%
Penguins - 0 on 4 Attempt(s) - 0.00%

Penalty Kill

Wild - 4 on 4 Attempt(s) - 100.00% - Score 0 goal in Penalty Kill
Penguins - 2 on 3 Attempt(s) - 66.67% - Score 0 goal in Penalty Kill

Team Stat

Wild - Hits : 24 - Faceoff Wins : 20 - Blocked Shots : 23 - Penalty Minutes : 53
Penguins - Hits : 18 - Faceoff Wins : 30 - Blocked Shots : 6 - Penalty Minutes : 31

Official

Referees : Unknown
Linesman : Unknown

Game Notes

Drew Bagnall and Nick Tuzzolino fight to a draw at 16:34 of 1st period
Steve Eminger beats up Jeff Schultz at 14:18 of 2nd period
Justin Vaive beats up Steve Eminger at 0:17 of 3rd period
Matt Mangene and Francis Wathier fight to a draw at 7:32 of 3rd period
Carson McMillan beats up Steve Eminger at 16:35 of 3rd period
Steve Eminger ejected from game at 16:35 of 3rd period
Steve Eminger from Wild is suspended for 1 game(s)

Finance

Level 1 -- Attendance: 1351 (67.55%) -- Ticket Income $47,285
Level 2 -- Attendance: 812 (81.20%) -- Ticket Income $12,180
Total Attendance: 2163 (72.10%)
Total Ticket Income: $59,465
Other Income: $29,138
Total Income: $88,603

Wild

5 vs 5 Forward 
   Center                   Left Wing                Right Wing               Time % Phy DF OF 
 1 Dana Tyrell              Colin Stuart             Micheal Haley            35     1   2  2  
 2 Mark Van Guilder         David Wolf               Cam Janssen              30     1   2  2  
 3 Dan Catenacci            Francis Wathier          Danny Hobbs              22     1   2  2  
 4 Alex Friesen             Anthony Camara           Colin Stuart             13     1   2  2  

5 vs 5 Defense 
   Defense                  Defense                                           Time % Phy DF OF 
 1 Shane O'Brien            Steve Eminger                                     35     1   2  2  
 2 Julius Honka             Mike Moore                                        30     1   2  2  
 3 Nick Tuzzolino           Jerome Leduc                                      22     1   2  2  
 4 Shane O'Brien            Steve Eminger                                     13     1   2  2  

PowerPlay Forward 
   Center                   Left Wing                Right Wing               Time % Phy DF OF 
 1 Dana Tyrell              Colin Stuart             Micheal Haley            60     1   2  2  
 2 Mark Van Guilder         David Wolf               Cam Janssen              40     1   2  2  

PowerPlay Defense
   Defense                  Defense                                           Time % Phy DF OF 
 1 Shane O'Brien            Steve Eminger                                     60     1   2  2  
 2 Julius Honka             Mike Moore                                        40     1   2  2  

Penalty Kill 4 Players Forward 
   Center                   Wing                     Time % Phy DF OF 
 1 Colin Stuart             Dana Tyrell              60     1   2  2  
 2 Mark Van Guilder         Micheal Haley            40     1   2  2  

Penalty Kill 4 Players Defense
   Defense                  Defense                  Time % Phy DF OF 
 1 Shane O'Brien            Steve Eminger            60     1   2  2  
 2 Julius Honka             Mike Moore               40     1   2  2  

Penalty Kill - 3 Players Forward 
   Forward                                           Time % Phy DF OF 
 1 Colin Stuart                                      60     1   2  2  
 2 Dana Tyrell                                       40     1   2  2  

Penalty Kill - 3 Players Defense
   Defense                  Defense                  Time % Phy DF OF 
 1 Shane O'Brien            Steve Eminger            60     1   2  2  
 2 Julius Honka             Mike Moore               40     1   2  2  

4 vs 4 Forward 
   Center                   Wing                     Time % Phy DF OF 
 1 Colin Stuart             Dana Tyrell              60     1   2  2  
 2 Mark Van Guilder         Micheal Haley            40     1   2  2  

4 vs 4 Defense
   Defense                  Defense                  Time % Phy DF OF 
 1 Shane O'Brien            Steve Eminger            60     1   2  2  
 2 Julius Honka             Mike Moore               40     1   2  2  

Last Minutes Offensive
   Center                   Left Wing                Right Wing               Defense                  Defense                  
   Dana Tyrell              Colin Stuart             Micheal Haley            Shane O'Brien            Steve Eminger            

Last Minutes Defensive
   Center                   Left Wing                Right Wing               Defense                  Defense                  
   Dana Tyrell              Colin Stuart             Micheal Haley            Shane O'Brien            Steve Eminger            

Goaltenders
Starting : Jordan Binnington        
Backup : Doug Carr                

Extra Forwards
Normal : Devin Shore, Dan Catenacci, Alex Friesen - PP : Devin Shore, Dan Catenacci - PK : Alex Friesen
Extra Defensemen
Normal : Nick Tuzzolino, Jerome Leduc, Julius Honka - PP : Nick Tuzzolino - PK : Jerome Leduc, Julius Honka
Penalty Shots
Colin Stuart, Dana Tyrell, Mark Van Guilder, Micheal Haley, David Wolf

Penguins

5 vs 5 Forward 
   Center                   Left Wing                Right Wing               Time % Phy DF OF 
 1 Ryan Spooner             FARMPLAYER2              Justin Vaive             35     1   2  2  
 2 Philippe Cornet          Trevor Parkes            Matt Mangene             30     1   2  2  
 3 Charles Sarault          Dustin Gazley            Carson McMillan          22     1   2  2  
 4 Jason Gregoire           Ryan Olsen               Garrett Meurs            13     1   2  2  

5 vs 5 Defense 
   Defense                  Defense                                           Time % Phy DF OF 
 1 Chris Butler             Jeff Schultz                                      35     1   2  2  
 2 Xavier Ouellet           Adam Clendening                                   30     1   2  2  
 3 Danny Biega              Drew Bagnall                                      22     1   2  2  
 4 Chris Butler             Xavier Ouellet                                    13     1   2  2  

PowerPlay Forward 
   Center                   Left Wing                Right Wing               Time % Phy DF OF 
 1 Ryan Spooner             FARMPLAYER2              Philippe Cornet          60     1   2  2  
 2 Justin Vaive             Trevor Parkes            Matt Mangene             40     1   2  2  

PowerPlay Defense
   Defense                  Defense                                           Time % Phy DF OF 
 1 Chris Butler             Xavier Ouellet                                    60     1   2  2  
 2 Jeff Schultz             Adam Clendening                                   40     1   2  2  

Penalty Kill 4 Players Forward 
   Center                   Wing                     Time % Phy DF OF 
 1 Ryan Spooner             Philippe Cornet          60     1   2  2  
 2 Dustin Gazley            Carson McMillan          40     1   2  2  

Penalty Kill 4 Players Defense
   Defense                  Defense                  Time % Phy DF OF 
 1 Xavier Ouellet           Chris Butler             60     1   2  2  
 2 Adam Clendening          Jeff Schultz             40     1   2  2  

Penalty Kill - 3 Players Forward 
   Forward                                           Time % Phy DF OF 
 1 FARMPLAYER2                                       60     1   2  2  
 2 Jason Gregoire                                    40     1   2  2  

Penalty Kill - 3 Players Defense
   Defense                  Defense                  Time % Phy DF OF 
 1 Xavier Ouellet           Chris Butler             60     1   2  2  
 2 Drew Bagnall             Danny Biega              40     1   2  2  

4 vs 4 Forward 
   Center                   Wing                     Time % Phy DF OF 
 1 FARMPLAYER2              Ryan Spooner             60     1   2  2  
 2 Philippe Cornet          Charles Sarault          40     1   2  2  

4 vs 4 Defense
   Defense                  Defense                  Time % Phy DF OF 
 1 Chris Butler             Xavier Ouellet           60     1   2  2  
 2 Danny Biega              Drew Bagnall             40     1   2  2  

Last Minutes Offensive
   Center                   Left Wing                Right Wing               Defense                  Defense                  
   Ryan Spooner             FARMPLAYER2              Philippe Cornet          Chris Butler             Xavier Ouellet           

Last Minutes Defensive
   Center                   Left Wing                Right Wing               Defense                  Defense                  
   Ryan Spooner             FARMPLAYER2              Philippe Cornet          Chris Butler             Xavier Ouellet           

Goaltenders
Starting : Martin Brodeur           
Backup : Dan Ellis                

Extra Forwards
Normal : Garrett Meurs, Ryan Spooner, Justin Vaive - PP : Philippe Cornet, Matt Mangene - PK : Ryan Olsen
Extra Defensemen
Normal : Xavier Ouellet, FARMPLAYER2, Chris Butler - PP : Jeff Schultz - PK : Xavier Ouellet, Chris Butler
Penalty Shots
Garrett Meurs, Ryan Spooner, Justin Vaive, Philippe Cornet, Matt Mangene

% Time on Ice - Wild

Lines # - Real PCT - Wanted PCT - Time Play
Normal Forward
1 - 21% - 35% - 10:05
2 - 31% - 30% - 14:39
3 - 29% - 22% - 13:58
4 - 19% - 13% - 9:01
Normal Defense
1 - 32% - 35% - 15:24
2 - 36% - 30% - 17:03
3 - 28% - 22% - 13:09
4 - 4% - 13% - 2:07
PP Forward
1 - 54% - 60% - 2:22
2 - 46% - 40% - 1:59
PP Defense
1 - 58% - 60% - 2:32
2 - 42% - 40% - 1:49
PK Forward
1 - 78% - 60% - 6:09
2 - 22% - 40% - 1:47
PK Defense
1 - 82% - 60% - 6:30
2 - 18% - 40% - 1:26
PK3 Forward
1 - 0% - 60%
2 - 0% - 40%
PK3 Defense
1 - 0% - 60%
2 - 0% - 40%
44 Forward
1 - 89% - 60% - 4:27
2 - 11% - 40% - 0:33
44 Defense
1 - 59% - 60% - 2:58
2 - 41% - 40% - 2:02
Last Minute Offensive  - 0:00
Last Minute Defensive  - 0:00
Total
Forward - 65:00
Defense - 65:00

% Time on Ice - Penguins

Lines # - Real PCT - Wanted PCT - Time Play
Normal Forward
1 - 26% - 35% - 12:16
2 - 25% - 30% - 11:59
3 - 28% - 22% - 13:28
4 - 21% - 13% - 10:00
Normal Defense
1 - 31% - 35% - 14:51
2 - 27% - 30% - 12:51
3 - 36% - 22% - 17:07
4 - 6% - 13% - 2:54
PP Forward
1 - 55% - 60% - 4:21
2 - 45% - 40% - 3:35
PP Defense
1 - 53% - 60% - 4:10
2 - 47% - 40% - 3:46
PK Forward
1 - 79% - 60% - 3:27
2 - 21% - 40% - 0:54
PK Defense
1 - 75% - 60% - 3:15
2 - 25% - 40% - 1:06
PK3 Forward
1 - 0% - 60%
2 - 0% - 40%
PK3 Defense
1 - 0% - 60%
2 - 0% - 40%
44 Forward
1 - 100% - 60% - 5:00
2 - 0% - 40% - 0:00
44 Defense
1 - 55% - 60% - 2:46
2 - 45% - 40% - 2:14
Last Minute Offensive  - 0:00
Last Minute Defensive  - 0:00
Total
Forward - 65:00
Defense - 65:00

Play by Play

1st period


0:01 of 1st period - Dana Tyrell wins face-off versus Ryan Spooner in neutral zone.
0:04 of 1st period - Jeff Schultz is hit by Shane O'Brien and loses puck.
0:29 of 1st period - Wrist shot by FARMPLAYER2.
0:29 of 1st period - Goal by FARMPLAYER2 - Wild : 0 - Penguins : 1.
0:30 of 1st period - Philippe Cornet wins face-off versus Mark Van Guilder in neutral zone.
0:33 of 1st period - Slapshot by Adam Clendening.
0:33 of 1st period - Stopped by Jordan Binnington with a rebound.
0:59 of 1st period - Backhand shot by Mark Van Guilder.
0:59 of 1st period - Deflect By David Wolf.
0:59 of 1st period - Shot Misses the Net.
0:59 of 1st period - Puck is out of play.
1:00 of 1st period - Charles Sarault wins face-off versus Dan Catenacci in Penguins zone.
1:05 of 1st period - Francis Wathier is hit by Dustin Gazley and loses puck.
1:24 of 1st period - Minor Penalty to Carson McMillan for High sticking.
1:25 of 1st period - Dana Tyrell wins face-off versus Ryan Spooner in Penguins zone.
2:22 of 1st period - Chris Butler is hit by Cam Janssen and loses puck.
2:31 of 1st period - Slapshot by David Wolf.
2:31 of 1st period - Stopped by Martin Brodeur with a rebound.
2:33 of 1st period - Slapshot by Julius Honka.
2:33 of 1st period - Shot Blocked by Chris Butler.
2:35 of 1st period - Snap shot by Julius Honka.
2:35 of 1st period - Shot Blocked by Ryan Olsen.
2:37 of 1st period - Snap shot by David Wolf.
2:37 of 1st period - Stopped by Martin Brodeur with a rebound.
2:39 of 1st period - Wrist shot by Mark Van Guilder.
2:39 of 1st period - Shot Misses the Net.
2:41 of 1st period - Wrist shot by David Wolf.
2:41 of 1st period - Stopped by Martin Brodeur with a rebound.
3:24 of 1st period - Penalty to Carson McMillan is over, Carson McMillan is back on ice.
3:24 of 1st period - Xavier Ouellet is hit by Shane O'Brien and loses puck.
4:31 of 1st period - Anthony Camara is hit by Danny Biega and loses puck.
5:09 of 1st period - Slapshot by FARMPLAYER2.
5:09 of 1st period - Shot Misses the Net.
5:11 of 1st period - Backhand shot by Trevor Parkes.
5:11 of 1st period - Stopped by Jordan Binnington with a rebound.
5:13 of 1st period - Slapshot by Adam Clendening.
5:13 of 1st period - Stopped by Jordan Binnington with a rebound.
5:15 of 1st period - Snap shot by Adam Clendening.
5:15 of 1st period - Deflect By Steve Eminger.
5:15 of 1st period - Stopped by Jordan Binnington with a rebound.
5:17 of 1st period - Slapshot by Adam Clendening.
5:17 of 1st period - Shot Blocked by Steve Eminger.
5:19 of 1st period - Slapshot by Adam Clendening.
5:19 of 1st period - Shot Blocked by Mark Van Guilder.
5:41 of 1st period - Snap shot by FARMPLAYER2.
5:41 of 1st period - Shot Misses the Net.
5:43 of 1st period - Slapshot by Adam Clendening.
5:43 of 1st period - Deflect By Dan Catenacci.
5:43 of 1st period - Stopped by Jordan Binnington without a rebound.
5:44 of 1st period - Jason Gregoire wins face-off versus Dan Catenacci in Wild zone.
5:44 of 1st period - Chris Butler is hit by Dan Catenacci and loses puck.
6:37 of 1st period - FARMPLAYER2 is hit by Dana Tyrell and loses puck.
6:45 of 1st period - Icing by Drew Bagnall.
6:46 of 1st period - Alex Friesen wins face-off versus Ryan Spooner in Penguins zone.
7:53 of 1st period - Off-side.
7:54 of 1st period - Jason Gregoire wins face-off versus Francis Wathier in neutral zone.
8:41 of 1st period - Snap shot by Matt Mangene.
8:41 of 1st period - Shot Hit the Post.
8:43 of 1st period - Snap shot by Danny Biega.
8:43 of 1st period - Shot Blocked by Mike Moore.
8:45 of 1st period - Slapshot by Danny Biega.
8:45 of 1st period - Stopped by Jordan Binnington with a rebound.
8:47 of 1st period - Wrist shot by Matt Mangene.
8:47 of 1st period - Shot Blocked by Mark Van Guilder.
9:17 of 1st period - Jeff Schultz is hit by Mike Moore and loses puck.
9:48 of 1st period - Snap shot by Adam Clendening.
9:48 of 1st period - Shot Misses the Net.
10:23 of 1st period - Slapshot by Danny Biega.
10:23 of 1st period - Shot Blocked by Julius Honka.
10:51 of 1st period - Snap shot by Danny Hobbs.
10:51 of 1st period - Deflect By Dan Catenacci.
10:51 of 1st period - Shot Misses the Net.
10:51 of 1st period - Puck is out of play.
10:52 of 1st period - Philippe Cornet wins face-off versus Dan Catenacci in Penguins zone.
11:01 of 1st period - Backhand shot by Adam Clendening.
11:01 of 1st period - Deflect By Matt Mangene.
11:01 of 1st period - Stopped by Jordan Binnington with a rebound.
11:15 of 1st period - Slapshot by Dan Catenacci.
11:15 of 1st period - Shot Blocked by Philippe Cornet.
11:17 of 1st period - Wrist shot by Dan Catenacci.
11:17 of 1st period - Shot Misses the Net.
11:19 of 1st period - Slapshot by Shane O'Brien.
11:19 of 1st period - Stopped by Martin Brodeur with a rebound.
11:21 of 1st period - Snap shot by Dan Catenacci.
11:21 of 1st period - Shot Misses the Net.
11:23 of 1st period - Wrist shot by Francis Wathier.
11:23 of 1st period - Shot Misses the Net.
11:49 of 1st period - Slapshot by Mark Van Guilder.
11:49 of 1st period - Shot Misses the Net.
12:37 of 1st period - Wrist shot by FARMPLAYER2.
12:37 of 1st period - Shot Misses the Net.
12:59 of 1st period - Drew Bagnall is hit by Cam Janssen and loses puck.
13:29 of 1st period - Slapshot by Chris Butler.
13:29 of 1st period - Shot Misses the Net.
14:11 of 1st period - Off-side.
14:12 of 1st period - Ryan Spooner wins face-off versus David Wolf in neutral zone.
15:20 of 1st period - Wrist shot by Xavier Ouellet.
15:20 of 1st period - Deflect By Shane O'Brien.
15:20 of 1st period - Stopped by Jordan Binnington without a rebound.
15:21 of 1st period - Alex Friesen wins face-off versus Jason Gregoire in Wild zone.
15:30 of 1st period - Slapshot by Xavier Ouellet.
15:30 of 1st period - Stopped by Jordan Binnington without a rebound.
15:31 of 1st period - Alex Friesen wins face-off versus Jason Gregoire in Wild zone.
15:41 of 1st period - Snap shot by Alex Friesen.
15:41 of 1st period - Deflect By Devin Shore.
15:41 of 1st period - Stopped by Martin Brodeur without a rebound.
15:42 of 1st period - Charles Sarault wins face-off versus Mark Van Guilder in Penguins zone.
15:51 of 1st period - Snap shot by Dustin Gazley.
15:51 of 1st period - Stopped by Jordan Binnington with a rebound.
15:59 of 1st period - Slapshot by Jerome Leduc.
15:59 of 1st period - Shot Blocked by Chris Butler.
16:01 of 1st period - Slapshot by Jerome Leduc.
16:01 of 1st period - Shot Blocked by Chris Butler.
16:30 of 1st period - Trevor Parkes is hit by Nick Tuzzolino and loses puck.
16:34 of 1st period - Drew Bagnall and Nick Tuzzolino fight to a draw.
16:34 of 1st period - Penalty to Drew Bagnall for Fighting.
16:34 of 1st period - Penalty to Nick Tuzzolino for Fighting.
16:35 of 1st period - Ryan Spooner wins face-off versus Dana Tyrell in neutral zone.
16:46 of 1st period - Snap shot by FARMPLAYER2.
16:46 of 1st period - Shot Blocked by Steve Eminger.
16:48 of 1st period - Snap shot by Justin Vaive.
16:48 of 1st period - Shot Hit the Post.
16:50 of 1st period - Slapshot by Xavier Ouellet.
16:50 of 1st period - Stopped by Jordan Binnington with a rebound.
16:52 of 1st period - Snap shot by FARMPLAYER2.
16:52 of 1st period - Shot Blocked by Steve Eminger.
16:54 of 1st period - Wrist shot by FARMPLAYER2.
16:54 of 1st period - Stopped by Jordan Binnington with a rebound.
16:56 of 1st period - Slapshot by Chris Butler.
16:56 of 1st period - Stopped by Jordan Binnington with a rebound.
17:04 of 1st period - Ryan Spooner is hit by Steve Eminger and loses puck.
17:25 of 1st period - Xavier Ouellet is hit by Steve Eminger and loses puck.
17:43 of 1st period - Slapshot by Xavier Ouellet.
17:43 of 1st period - Shot Blocked by Julius Honka.
18:08 of 1st period - Xavier Ouellet is hit by Julius Honka.
18:20 of 1st period - Danny Biega is hit by Dan Catenacci and loses puck.
18:25 of 1st period - Snap shot by Danny Hobbs.
18:25 of 1st period - Shot Misses the Net.
18:27 of 1st period - Backhand shot by Dan Catenacci.
18:27 of 1st period - Stopped by Martin Brodeur with a rebound.
19:05 of 1st period - Snap shot by Dustin Gazley.
19:05 of 1st period - Shot Misses the Net.
19:07 of 1st period - Slapshot by Chris Butler.
19:07 of 1st period - Shot Misses the Net.
19:11 of 1st period - Slapshot by Chris Butler.
19:11 of 1st period - Stopped by Jordan Binnington with a rebound.
19:55 of 1st period - Ryan Spooner is hit by Cam Janssen and loses puck.
Goals for this period are 0 for Wild vs 1 for Penguins.
Shots for this period are 6 for Wild vs 15 for Penguins.

2nd period


0:01 of 2nd period - Dana Tyrell wins face-off versus Ryan Spooner in neutral zone.
0:04 of 2nd period - Slapshot by Steve Eminger.
0:04 of 2nd period - Shot Misses the Net.
0:16 of 2nd period - Snap shot by FARMPLAYER2.
0:16 of 2nd period - Stopped by Jordan Binnington with a rebound.
0:18 of 2nd period - Wrist shot by Ryan Spooner.
0:18 of 2nd period - Stopped by Jordan Binnington without a rebound.
0:19 of 2nd period - Ryan Spooner wins face-off versus Dana Tyrell in Wild zone.
0:32 of 2nd period - Snap shot by Ryan Spooner.
0:32 of 2nd period - Shot Misses the Net.
0:34 of 2nd period - Slapshot by Chris Butler.
0:34 of 2nd period - Stopped by Jordan Binnington without a rebound.
0:35 of 2nd period - Mark Van Guilder wins face-off versus Philippe Cornet in Wild zone.
0:37 of 2nd period - Minor Penalty to David Wolf for Tripping.
0:38 of 2nd period - Ryan Spooner wins face-off versus Colin Stuart in Wild zone.
1:34 of 2nd period - Penalty to Nick Tuzzolino is over, Nick Tuzzolino is back on ice.
2:37 of 2nd period - Penalty to David Wolf is over, David Wolf is back on ice.
2:42 of 2nd period - David Wolf is hit by Chris Butler and loses puck.
3:16 of 2nd period - Slapshot by Jerome Leduc.
3:16 of 2nd period - Deflect By Chris Butler.
3:16 of 2nd period - Stopped by Martin Brodeur with a rebound.
3:53 of 2nd period - Snap shot by Jason Gregoire.
3:53 of 2nd period - Stopped by Jordan Binnington with a rebound.
4:06 of 2nd period - Adam Clendening is hit by Mark Van Guilder and loses puck.
4:21 of 2nd period - Slapshot by Jerome Leduc.
4:21 of 2nd period - Stopped by Martin Brodeur with a rebound.
4:27 of 2nd period - Jerome Leduc is hit by Adam Clendening and loses puck.
4:44 of 2nd period - Mark Van Guilder is hit by Dustin Gazley and loses puck.
6:00 of 2nd period - FARMPLAYER2 is hit by Micheal Haley and loses puck.
6:14 of 2nd period - Devin Shore is hit by Drew Bagnall.
6:33 of 2nd period - Minor Penalty to Cam Janssen for Holding.
6:34 of 2nd period - Ryan Spooner wins face-off versus Colin Stuart in Wild zone.
7:48 of 2nd period - Adam Clendening is hit by Micheal Haley and loses puck.
8:33 of 2nd period - Penalty to Cam Janssen is over, Cam Janssen is back on ice.
9:08 of 2nd period - Wrist shot by Dustin Gazley.
9:08 of 2nd period - Shot Misses the Net.
10:42 of 2nd period - Off-side.
10:43 of 2nd period - Mark Van Guilder wins face-off versus Charles Sarault in neutral zone.
11:25 of 2nd period - Slapshot by Alex Friesen.
11:25 of 2nd period - Stopped by Martin Brodeur with a rebound.
11:27 of 2nd period - Slapshot by Shane O'Brien.
11:27 of 2nd period - Stopped by Martin Brodeur with a rebound.
11:29 of 2nd period - Slapshot by Steve Eminger.
11:29 of 2nd period - Deflect By Colin Stuart.
11:29 of 2nd period - Stopped by Martin Brodeur with a rebound.
11:31 of 2nd period - Snap shot by Alex Friesen.
11:31 of 2nd period - Stopped by Martin Brodeur with a rebound.
11:51 of 2nd period - Slapshot by Micheal Haley.
11:51 of 2nd period - Shot Misses the Net.
11:53 of 2nd period - Snap shot by Julius Honka.
11:53 of 2nd period - Shot Misses the Net.
11:55 of 2nd period - Slapshot by Mike Moore.
11:55 of 2nd period - Shot Misses the Net.
12:03 of 2nd period - Wrist shot by Micheal Haley.
12:03 of 2nd period - Stopped by Martin Brodeur with a rebound.
12:45 of 2nd period - Drew Bagnall is hit by Shane O'Brien and loses puck.
13:18 of 2nd period - Francis Wathier is hit by Ryan Spooner and loses puck.
13:40 of 2nd period - Mark Van Guilder is hit by Carson McMillan and loses puck.
14:07 of 2nd period - Snap shot by Micheal Haley.
14:07 of 2nd period - Deflect By Dana Tyrell.
14:07 of 2nd period - Shot Misses the Net.
14:07 of 2nd period - Puck is out of play.
14:08 of 2nd period - Alex Friesen wins face-off versus Ryan Spooner in Penguins zone.
14:18 of 2nd period - Steve Eminger beats up Jeff Schultz.
14:18 of 2nd period - Penalty to Jeff Schultz for Fighting.
14:18 of 2nd period - Penalty to Steve Eminger for Fighting.
14:19 of 2nd period - Dan Catenacci wins face-off versus Ryan Spooner in neutral zone.
15:12 of 2nd period - Mark Van Guilder is hit by Trevor Parkes.
16:50 of 2nd period - Icing by Chris Butler.
16:51 of 2nd period - Dan Catenacci wins face-off versus Jason Gregoire in Penguins zone.
17:19 of 2nd period - Nick Tuzzolino is hit by FARMPLAYER2 and loses puck.
19:00 of 2nd period - Slapshot by Adam Clendening.
19:00 of 2nd period - Stopped by Jordan Binnington without a rebound.
19:01 of 2nd period - Mark Van Guilder wins face-off versus Philippe Cornet in Wild zone.
19:16 of 2nd period - Trevor Parkes is hit by Mark Van Guilder and loses puck.
19:44 of 2nd period - Wrist shot by Danny Hobbs.
19:44 of 2nd period - Shot Misses the Net.
19:46 of 2nd period - Slapshot by Mike Moore.
19:46 of 2nd period - Stopped by Martin Brodeur with a rebound.
19:48 of 2nd period - Snap shot by Francis Wathier.
19:48 of 2nd period - Shot Blocked by Adam Clendening.
19:50 of 2nd period - Slapshot by Mike Moore.
19:50 of 2nd period - Stopped by Martin Brodeur with a rebound.
Goals for this period are 0 for Wild vs 0 for Penguins.
Shots for this period are 9 for Wild vs 5 for Penguins.

3rd period


0:01 of 3rd period - Ryan Spooner wins face-off versus Dana Tyrell in neutral zone.
0:06 of 3rd period - Backhand shot by Ryan Spooner.
0:06 of 3rd period - Deflect By FARMPLAYER2.
0:06 of 3rd period - Shot Misses the Net.
0:06 of 3rd period - Puck is out of play.
0:07 of 3rd period - FARMPLAYER2 wins face-off versus Dana Tyrell in Wild zone.
0:14 of 3rd period - Snap shot by Ryan Spooner.
0:14 of 3rd period - Shot Misses the Net.
0:17 of 3rd period - Justin Vaive beats up Steve Eminger.
0:17 of 3rd period - Penalty to Justin Vaive for Fighting.
0:17 of 3rd period - Penalty to Steve Eminger for Fighting.
0:18 of 3rd period - Ryan Spooner wins face-off versus Dana Tyrell in neutral zone.
0:50 of 3rd period - Minor Penalty to Garrett Meurs for Roughing.
0:51 of 3rd period - Ryan Spooner wins face-off versus Mark Van Guilder in Penguins zone.
1:11 of 3rd period - Snap shot by Mark Van Guilder.
1:11 of 3rd period - Stopped by Martin Brodeur with a rebound.
1:13 of 3rd period - Slapshot by Nick Tuzzolino.
1:13 of 3rd period - Goal by Nick Tuzzolino - Wild : 1 - Penguins : 1.
1:14 of 3rd period - Philippe Cornet wins face-off versus Dana Tyrell in neutral zone.
1:22 of 3rd period - Snap shot by Chris Butler.
1:22 of 3rd period - Stopped by Jordan Binnington with a rebound.
1:27 of 3rd period - Off-side.
1:28 of 3rd period - Dana Tyrell wins face-off versus Philippe Cornet in neutral zone.
1:45 of 3rd period - Micheal Haley is hit by Trevor Parkes and loses puck.
2:22 of 3rd period - Garrett Meurs is hit by Cam Janssen and loses puck.
2:37 of 3rd period - Slapshot by FARMPLAYER2.
2:37 of 3rd period - Stopped by Jordan Binnington with a rebound.
3:07 of 3rd period - Francis Wathier is hit by Dustin Gazley and loses puck.
3:43 of 3rd period - Snap shot by Colin Stuart.
3:43 of 3rd period - Stopped by Martin Brodeur without a rebound.
3:44 of 3rd period - Alex Friesen wins face-off versus Jason Gregoire in Penguins zone.
4:08 of 3rd period - Off-side.
4:09 of 3rd period - Ryan Spooner wins face-off versus Mark Van Guilder in neutral zone.
4:11 of 3rd period - Minor Penalty to David Wolf for Hooking.
4:12 of 3rd period - Philippe Cornet wins face-off versus Colin Stuart in Wild zone.
5:04 of 3rd period - Dana Tyrell is hit by Matt Mangene and loses puck.
5:15 of 3rd period - Jerome Leduc is hit by Trevor Parkes and loses puck.
5:17 of 3rd period - Penalty to Steve Eminger is over, Steve Eminger is back on ice.
5:28 of 3rd period - Steve Eminger is hit by Justin Vaive and loses puck.
5:54 of 3rd period - Jeff Schultz is hit by Micheal Haley and loses puck.
6:01 of 3rd period - Philippe Cornet is hit by Shane O'Brien and loses puck.
6:11 of 3rd period - Penalty to David Wolf is over, David Wolf is back on ice.
6:31 of 3rd period - Slapshot by Adam Clendening.
6:31 of 3rd period - Shot Blocked by Shane O'Brien.
6:33 of 3rd period - Snap shot by Danny Biega.
6:33 of 3rd period - Stopped by Jordan Binnington with a rebound.
6:35 of 3rd period - Slapshot by Danny Biega.
6:35 of 3rd period - Shot Blocked by Steve Eminger.
6:37 of 3rd period - Snap shot by Danny Biega.
6:37 of 3rd period - Stopped by Jordan Binnington without a rebound.
6:38 of 3rd period - Dan Catenacci wins face-off versus Jason Gregoire in Wild zone.
7:01 of 3rd period - Wrist shot by Dan Catenacci.
7:01 of 3rd period - Stopped by Martin Brodeur without a rebound.
7:02 of 3rd period - Charles Sarault wins face-off versus Mark Van Guilder in Penguins zone.
7:11 of 3rd period - Slapshot by Chris Butler.
7:11 of 3rd period - Shot Blocked by Mike Moore.
7:13 of 3rd period - Snap shot by Charles Sarault.
7:13 of 3rd period - Stopped by Jordan Binnington with a rebound.
7:15 of 3rd period - Slapshot by Chris Butler.
7:15 of 3rd period - Shot Blocked by Julius Honka.
7:17 of 3rd period - Slapshot by Charles Sarault.
7:17 of 3rd period - Stopped by Jordan Binnington with a rebound.
7:19 of 3rd period - Slapshot by Chris Butler.
7:19 of 3rd period - Deflect By Dustin Gazley.
7:19 of 3rd period - Stopped by Jordan Binnington with a rebound.
7:21 of 3rd period - Snap shot by Charles Sarault.
7:21 of 3rd period - Shot Misses the Net.
7:25 of 3rd period - Slapshot by Chris Butler.
7:25 of 3rd period - Shot Blocked by Julius Honka.
7:27 of 3rd period - Slapshot by Jeff Schultz.
7:27 of 3rd period - Deflect By Charles Sarault.
7:27 of 3rd period - Shot Blocked by Mike Moore.
7:27 of 3rd period - Puck is out of play.
7:28 of 3rd period - Dan Catenacci wins face-off versus Philippe Cornet in Wild zone.
7:32 of 3rd period - Matt Mangene and Francis Wathier fight to a draw.
7:32 of 3rd period - Penalty to Matt Mangene for Fighting.
7:32 of 3rd period - Penalty to Francis Wathier for Fighting.
7:33 of 3rd period - Micheal Haley wins face-off versus Philippe Cornet in Wild zone.
7:45 of 3rd period - Off-side.
7:46 of 3rd period - Philippe Cornet wins face-off versus Colin Stuart in neutral zone.
8:05 of 3rd period - Slapshot by Xavier Ouellet.
8:05 of 3rd period - Shot Blocked by Julius Honka.
8:07 of 3rd period - Slapshot by Chris Butler.
8:07 of 3rd period - Shot Misses the Net.
8:15 of 3rd period - Snap shot by Xavier Ouellet.
8:15 of 3rd period - Deflect By Trevor Parkes.
8:15 of 3rd period - Shot Blocked by Julius Honka.
8:15 of 3rd period - Puck is out of play.
8:16 of 3rd period - Ryan Spooner wins face-off versus Mark Van Guilder in Wild zone.
8:50 of 3rd period - Minor Penalty to Jeff Schultz for Hooking.
8:51 of 3rd period - Ryan Spooner wins face-off versus Dana Tyrell in Penguins zone.
9:43 of 3rd period - Wrist shot by Mark Van Guilder.
9:43 of 3rd period - Deflect By David Wolf.
9:43 of 3rd period - Shot Misses the Net.
9:43 of 3rd period - Puck is out of play.
9:44 of 3rd period - Ryan Spooner wins face-off versus Mark Van Guilder in Penguins zone.
10:07 of 3rd period - Xavier Ouellet is hit by David Wolf and loses puck.
10:50 of 3rd period - Penalty to Jeff Schultz is over, Jeff Schultz is back on ice.
10:51 of 3rd period - Wrist shot by Chris Butler.
10:51 of 3rd period - Stopped by Jordan Binnington without a rebound.
10:52 of 3rd period - Charles Sarault wins face-off versus Dana Tyrell in Wild zone.
10:53 of 3rd period - Slapshot by Danny Biega.
10:53 of 3rd period - Stopped by Jordan Binnington with a rebound.
12:00 of 3rd period - Slapshot by Xavier Ouellet.
12:00 of 3rd period - Shot Blocked by Jerome Leduc.
12:02 of 3rd period - Slapshot by Adam Clendening.
12:02 of 3rd period - Stopped by Jordan Binnington without a rebound.
12:03 of 3rd period - Ryan Spooner wins face-off versus Mark Van Guilder in Wild zone.
12:04 of 3rd period - Wrist shot by FARMPLAYER2.
12:04 of 3rd period - Stopped by Jordan Binnington with a rebound.
12:20 of 3rd period - Snap shot by Mark Van Guilder.
12:20 of 3rd period - Stopped by Martin Brodeur with a rebound.
12:22 of 3rd period - Slapshot by Nick Tuzzolino.
12:22 of 3rd period - Stopped by Martin Brodeur with a rebound.
12:24 of 3rd period - Snap shot by Mark Van Guilder.
12:24 of 3rd period - Shot Misses the Net.
13:06 of 3rd period - Snap shot by Matt Mangene.
13:06 of 3rd period - Deflect By Trevor Parkes.
13:06 of 3rd period - Stopped by Jordan Binnington with a rebound.
13:47 of 3rd period - Backhand shot by Charles Sarault.
13:47 of 3rd period - Deflect By Dustin Gazley.
13:47 of 3rd period - Shot Misses the Net.
13:47 of 3rd period - Puck is out of play.
13:48 of 3rd period - Jason Gregoire wins face-off versus Dan Catenacci in Wild zone.
14:13 of 3rd period - Snap shot by Garrett Meurs.
14:13 of 3rd period - Shot Blocked by Danny Hobbs.
14:15 of 3rd period - Wrist shot by Jason Gregoire.
14:15 of 3rd period - Stopped by Jordan Binnington with a rebound.
15:49 of 3rd period - Micheal Haley is hit by FARMPLAYER2 and loses puck.
16:35 of 3rd period - Carson McMillan beats up Steve Eminger.
16:35 of 3rd period - Penalty to Carson McMillan for Fighting.
16:35 of 3rd period - Penalty to Steve Eminger for Fighting.
16:35 of 3rd period - Steve Eminger is ejected from game.
16:35 of 3rd period - Penalty to Steve Eminger for instigated a fight.
16:35 of 3rd period - Penalty to Steve Eminger for instigated a fight.
16:36 of 3rd period - Alex Friesen wins face-off versus Justin Vaive in Wild zone.
16:59 of 3rd period - Slapshot by Chris Butler.
16:59 of 3rd period - Stopped by Jordan Binnington with a rebound.
17:05 of 3rd period - Slapshot by Chris Butler.
17:05 of 3rd period - Stopped by Jordan Binnington without a rebound.
17:06 of 3rd period - Ryan Spooner wins face-off versus Alex Friesen in Wild zone.
17:29 of 3rd period - Backhand shot by Adam Clendening.
17:29 of 3rd period - Deflect By Ryan Spooner.
17:29 of 3rd period - Deflect By Dana Tyrell.
17:29 of 3rd period - Shot Blocked by Shane O'Brien.
17:29 of 3rd period - Puck is out of play.
17:30 of 3rd period - Justin Vaive wins face-off versus Alex Friesen in Wild zone.
17:43 of 3rd period - Wrist shot by Chris Butler.
17:43 of 3rd period - Stopped by Jordan Binnington with a rebound.
17:45 of 3rd period - Wrist shot by Xavier Ouellet.
17:45 of 3rd period - Shot Blocked by Alex Friesen.
17:57 of 3rd period - Slapshot by Chris Butler.
17:57 of 3rd period - Deflect By Justin Vaive.
17:57 of 3rd period - Shot Blocked by Mike Moore.
17:57 of 3rd period - Puck is out of play.
17:58 of 3rd period - Colin Stuart wins face-off versus Ryan Spooner in Wild zone.
18:35 of 3rd period - Penalty to Steve Eminger is over, Cam Janssen is send on ice.
19:58 of 3rd period - Danny Hobbs is hit by FARMPLAYER2 and loses puck.
Goals for this period are 1 for Wild vs 0 for Penguins.
Shots for this period are 6 for Wild vs 16 for Penguins.

Overtime #1


0:01 of 1st overtime period - FARMPLAYER2 wins face-off versus Colin Stuart in neutral zone.
0:38 of 1st overtime period - FARMPLAYER2 is hit by Nick Tuzzolino and loses puck.
1:06 of 1st overtime period - Snap shot by Ryan Spooner.
1:06 of 1st overtime period - Shot Blocked by Colin Stuart.
1:35 of 1st overtime period - Penalty to Carson McMillan is over, Carson McMillan is back on ice.
1:35 of 1st overtime period - Penalty to Steve Eminger is over, Alex Friesen is send on ice.
1:49 of 1st overtime period - Mike Moore is hit by Danny Biega and loses puck.
2:00 of 1st overtime period - Slapshot by Chris Butler.
2:00 of 1st overtime period - Shot Blocked by Devin Shore.
2:28 of 1st overtime period - Chris Butler is hit by Colin Stuart and loses puck.
2:37 of 1st overtime period - Slapshot by Xavier Ouellet.
2:37 of 1st overtime period - Stopped by Jordan Binnington with a rebound.
3:23 of 1st overtime period - Snap shot by Xavier Ouellet.
3:23 of 1st overtime period - Stopped by Jordan Binnington without a rebound.
3:24 of 1st overtime period - Devin Shore wins face-off versus Justin Vaive in Wild zone.
4:31 of 1st overtime period - Slapshot by Mike Moore.
4:31 of 1st overtime period - Stopped by Martin Brodeur without a rebound.
4:32 of 1st overtime period - Garrett Meurs wins face-off versus Devin Shore in Penguins zone.
Goals for this period are 0 for Wild vs 0 for Penguins.
Shots for this period are 1 for Wild vs 2 for Penguins.

ShootOut


5:00 of 1st overtime period - Penalty Shot by Colin Stuart for Wild.
5:00 of 1st overtime period - Wrist shot by Colin Stuart.
5:00 of 1st overtime period - Shot Misses the Net.
5:00 of 1st overtime period - Penalty Shot by Garrett Meurs for Penguins.
5:00 of 1st overtime period - Snap shot by Garrett Meurs.
5:00 of 1st overtime period - Stopped by Jordan Binnington.
5:00 of 1st overtime period - Penalty Shot by Dana Tyrell for Wild.
5:00 of 1st overtime period - Snap shot by Dana Tyrell.
5:00 of 1st overtime period - Stopped by Martin Brodeur.
5:00 of 1st overtime period - Penalty Shot by Ryan Spooner for Penguins.
5:00 of 1st overtime period - Wrist shot by Ryan Spooner.
5:00 of 1st overtime period - Stopped by Jordan Binnington.
5:00 of 1st overtime period - Penalty Shot by Mark Van Guilder for Wild.
5:00 of 1st overtime period - Wrist shot by Mark Van Guilder.
5:00 of 1st overtime period - Stopped by Martin Brodeur.
5:00 of 1st overtime period - Penalty Shot by Justin Vaive for Penguins.
5:00 of 1st overtime period - Deke by Justin Vaive.
5:00 of 1st overtime period - Stopped by Jordan Binnington.
5:00 of 1st overtime period - Penalty Shot by Micheal Haley for Wild.
5:00 of 1st overtime period - Deke by Micheal Haley.
5:00 of 1st overtime period - Shot Misses the Net.
5:00 of 1st overtime period - Penalty Shot by Philippe Cornet for Penguins.
5:00 of 1st overtime period - Snap shot by Philippe Cornet.
5:00 of 1st overtime period - Stopped by Jordan Binnington.
5:00 of 1st overtime period - Penalty Shot by David Wolf for Wild.
5:00 of 1st overtime period - Deke by David Wolf.
5:00 of 1st overtime period - Stopped by Martin Brodeur.
5:00 of 1st overtime period - Penalty Shot by Matt Mangene for Penguins.
5:00 of 1st overtime period - Deke by Matt Mangene.
5:00 of 1st overtime period - Stopped by Jordan Binnington.
5:00 of 1st overtime period - Penalty Shot by Devin Shore for Wild.
5:00 of 1st overtime period - Wrist shot by Devin Shore.
5:00 of 1st overtime period - Goal by Devin Shore.
5:00 of 1st overtime period - Penalty Shot by Dustin Gazley for Penguins.
5:00 of 1st overtime period - Wrist shot by Dustin Gazley.
5:00 of 1st overtime period - Goal by Dustin Gazley.
5:00 of 1st overtime period - Penalty Shot by Dan Catenacci for Wild.
5:00 of 1st overtime period - Snap shot by Dan Catenacci.
5:00 of 1st overtime period - Shot Misses the Net.
5:00 of 1st overtime period - Penalty Shot by Jason Gregoire for Penguins.
5:00 of 1st overtime period - Snap shot by Jason Gregoire.
5:00 of 1st overtime period - Goal by Jason Gregoire.